 Dungeon Crawl Stone Soup version 0.29.1-15-g9cfb28693d (webtiles) character file.

Game seed: 18178249108380228808

202 Hugehornet the Covered (level 5, 0/48 HPs)
             Began as a Gargoyle Fighter on Mar 21, 2023.
             Slain by Menkaure (2 damage)
             ... on level 5 of the Dungeon.
             The game lasted 00:04:32 (2281 turns).

Hugehornet the Covered (Gargoyle Fighter)           Turns: 2281, Time: 00:04:32

Health: 0/48       AC: 15    Str: 20    XL:     5   Next: 80%
Magic:  5/5        EV:  6    Int: 10    God:
Gold:   91         SH: 12    Dex:  9    Spells: 3/4 levels left

rFire   . . .      SeeInvis .   a - +0 flail
rCold   . . .      Faith    .   j - +0 tower shield
rNeg    + . .      Spirit   .   b - +0 scale mail
rPois   ∞          Reflect  .   (no helmet)
rElec   +          Harm     .   (no cloak)
rCorr   .          Rampage  .   (no gloves)
Will    .....                   (no boots)
Stlth   ..........              (no amulet)
HPRegen 0.16/turn               g - ring of flight
MPRegen 0.09/turn               i - +4 ring of protection

@: mighty, berserking, flying, very quick
A: sickness immunity, AC +4, negative energy resistance 1, electricity
resistance, torment resistance 1, petrification resistance
a: no special abilities


You were on level 5 of the Dungeon.
You visited 1 branch of the dungeon, and saw 4 of its levels.

You collected 91 gold pieces.

Inventory:

Hand Weapons
 a - a +0 flail (weapon)
Armour
 b - a +0 scale mail (worn)
 c - a +0 buckler
 j - a +0 tower shield (worn)
Jewellery
 g - a ring of flight (left hand)
 i - a +4 ring of protection (right hand)
Wands
 n - a wand of flame (18)
Scrolls
 e - 2 scrolls of enchant armour {unknown}
 f - 2 scrolls of identify {unknown}
 k - a scroll of immolation {unknown}
 l - a scroll of vulnerability {unknown}
 r - a scroll of teleportation {unknown}
Potions
 d - a potion of might
 h - a potion of ambrosia {unknown}
 m - a potion of resistance {unknown}
 o - a potion of berserk rage
 p - a potion of haste {unknown}
 q - a potion of cancellation {unknown}
 s - a potion of brilliance {unknown}


   Skills:
 - Level 3.2 Fighting
 + Level 3.6 Maces & Flails
 * Level 5.2 Armour
 * Level 4.3 Shields


You had 3 spell levels left.
You knew the following spells:

 Your Spells              Type           Power      Damage    Failure   Level
a - Apportation           Tloc           0%         N/A       100%        1

Your spell library contained the following spells:

 Spells                   Type           Power      Damage    Failure   Level
 Necrotise                Necr           0%         1d4       100%        1
 Summon Small Mammal      Summ           0%         N/A       100%        1


Dungeon Overview and Level Annotations

Branches:
Dungeon (5/15)
 Temple: D:4-7

Altars:

Annotations:
D:5 Menkaure


Innate Abilities, Weirdness & Mutations

You are immune to sickness and miasma.
Your stone body is resilient. (AC +4)
You are immune to poison.
You resist negative energy. (rN+)
You are resistant to electric shocks. (rElec)
You are resistant to unholy torment.
You are immune to petrification.


Message History

The necrophage is severely damaged.
The necrophage hits you but does no damage.
Menkaure casts a spell.
Menkaure seems to speed up.
The necrophage hits you but does no damage.
You closely miss the necrophage.
The necrophage is severely damaged.
You block Menkaure's attack.
The necrophage hits you but does no damage.
You block Menkaure's attack.
You barely miss the necrophage.
The necrophage is severely damaged.
You block the necrophage's attack. Menkaure hits you!
Ouch! That really hurt!
You block the necrophage's attack. Menkaure casts a spell at you.
Pain shoots through your body!
You feel very mighty all of a sudden. You block Menkaure's attack.
The necrophage hits you but does no damage.
It was a potion of berserk rage.
A red film seems to cover your vision as you go berserk!
You feel yourself moving faster!
You feel mighty! Menkaure hits you!
* * * LOW HITPOINT WARNING * * *
The necrophage hits you but does no damage.
You barely miss Menkaure. Menkaure closely misses you.
The necrophage hits you but does no damage.
You barely miss Menkaure.
Menkaure calls on the powers of darkness!
You feel a surge of unholy energy. You block the necrophage's attack.
You barely miss Menkaure. Menkaure hits you.
* * * LOW HITPOINT WARNING * * *
The necrophage barely misses you.
You thump Menkaure!
Menkaure is heavily damaged.
You block Menkaure's attack.
You barely miss Menkaure.
Menkaure is heavily damaged.
Menkaure hits you.
You die...

#..## #.#.......#..#....#
#..# #...........##.....
..## #.................
..## ###...............#
...####................#
...#...................##
#........[.###..........#
#......#####
##.Mn......### .....###
#.@##.......## ...###
#..####......# ...# #.##
###.....M.. ...## ..#
#........ ....## #.##
......... .....## #.
....##... ####..# ..
...### .. ##.# #.# .### .
##.# .#


You could see a necrophage and Menkaure (fast).

Vanquished Creatures
  A phantom (D:5)
  A hound (D:5)
  4 adders
  5 dart slugs
  9 endoplasms (D:1)
  A giant cockroach (D:2)
  3 goblins (D:1)
  2 hobgoblins (D:1)
  4 jackals (D:2)
  2 quokkas
  8 ball pythons
  4 bats (D:1)
  3 frilled lizards
  2 kobolds
  8 rats
57 creatures vanquished.

Vanquished Creatures (others)
  2 withered plants (D:1)
2 creatures vanquished.

Grand Total: 59 creatures vanquished

Notes
Turn   | Place    | Note
-------+----------+-------------------------------------------
     0 | D:1      | Hugehornet the Gargoyle Fighter began the quest for the
                  | Orb.
     0 | D:1      | Reached XP level 1. HP: 14/14 MP: 1/1
    50 | D:1      | Reached XP level 2. HP: 19/19 MP: 2/2
   668 | D:1      | Reached XP level 3. HP: 23/23 MP: 3/3
   718 | D:1      | Reached skill level 4 in Armour
   764 | D:1      | Learned a level 1 spell: Apportation
  1166 | D:1      | Found a faded altar of an unknown god.
  1512 | D:2      | Reached XP level 4. HP: 26/28 MP: 4/4
  2065 | D:3      | You are sucked into a shaft and drop 2 floors!
  2065 | D:5      | Entered Level 5 of the Dungeon
  2085 | D:5      | Reached XP level 5. HP: 32/32 MP: 5/5
  2155 | D:5      | Noticed a phantom
  2179 | D:5      | Killed a phantom
  2180 | D:5      | Reached skill level 5 in Armour
  2258 | D:5      | Noticed Menkaure
  2279 | D:5      | HP: 2/48 [Menkaure (5)]
  2281 | D:5      | Slain by Menkaure

Illustrated notes

Levels and vault maps discovered:
D:1:      spicycebolla_green_bress_n_ham, layout_loops_ring,
          ebering_ecumenical_altar_petrified
D:2:      layout_loops_ring, item_on_display_a
D:3:      layout_basic, mainiacjoe_overflow_tiny_flanked,
          general_overflow_altar, lemuel_flame_loot_1
D:5:      layout_layer_cave, minmay_temple_entry_trees, gammafunk_ghost_split,
          uniq_prince_ribbit1, uniq_menkaure

Skill      XL: |  1  2  3  4  5 |
---------------+----------------+-----
Armour         | 4 5 |  5.2
Maces & Flails | 3 |  3.6
Shields        | 4 |  4.3
Fighting       | |  3.2

Action                   |  1- 3 |  4- 6 || total
-------------------------+-------+-------++-------
Melee: Flail             |   127 |    75 ||   202
  Use: Potion            |       |     2 ||     2
Armor: Scale mail        |    74 |    53 ||   127
Dodge: Dodged            |    54 |     8 ||    62
Block: Buckler           |    25 |       ||    25
       Tower shield      |     7 |    55 ||    62
